[ AOE2 MATCH · #506421775 ]
UnrankedBohemians vs Magyars
Player's team · LOSS
Rival team · WIN
[ REPLAY ANALYSIS · EXTRACTED FROM THE RECORDED GAME ]
Feudal
—
Castle
—
Imperial
—
| APM avg | 39.3 |
| APM peak | 103 |
| eAPM avg | 20.3 |
| Villagers / military | 149 / 104 |
Focus
⚔️ 25.7% · 🌾 74.3%
Spearman ×47 · Skirmisher ×35 · Bombard Cannon ×10 · Monk ×5 · Scorpion ×4 · Trebuchet (Packed) ×2
Feudal
—
Castle
—
Imperial
—
| APM avg | 28.3 |
| APM peak | 57 |
| eAPM avg | 17.6 |
| Villagers / military | 162 / 122 |
Focus
⚔️ 28.3% · 🌾 71.7%
Cavalry Archer ×40 · Scout Cavalry ×35 · Magyar Huszar ×34 · Trebuchet (Packed) ×7 · Spearman ×4 · Monk ×2
Match map
Initial resources + every placement click. Lines = walls · curves = elevation contours. ◆ gold · ⬟ stone · ● berries · ✦ relic · ◌ wall gap
Your base· ✓ Closed at 15:40 · 0t walls · 3 gate(s)
导师不在玩两把's base· ✓ Closed at 12:10 · 0t walls · 2 gate(s)
Smoothed initial terrain · ◌ = detected wall gap · hover for details
Inputs per minute
— ManyKitten76428 - - 导师不在玩两把
Build order — ManyKitten76428
First 150 of 403 actions detected
| 0:01 | Queue | Villager (Male) |
| 0:01 | Queue | Villager (Male) |
| 0:01 | Queue | Villager (Male) |
| 0:01 | Queue | Villager (Male) |
| 0:01 | Queue | Villager (Male) |
| 0:01 | Queue | Villager (Male) |
| 0:02 | Queue | Villager (Male) |
| 0:02 | Queue | Villager (Male) |
| 0:02 | Queue | Villager (Male) |
| 0:03 | Build | House |
| 0:05 | Build | House |
| 1:33 | Queue | Villager (Male) |
| 1:34 | Queue | Villager (Male) |
| 1:54 | Queue | Villager (Male) |
| 1:54 | Queue | Villager (Male) |
| 2:13 | Build | Lumber Camp |
| 2:16 | Queue | Villager (Male) |
| 2:16 | Queue | Villager (Male) |
| 2:31 | Queue | Villager (Male) |
| 2:31 | Queue | Villager (Male) |
| 3:17 | Queue | Villager (Male) |
| 3:17 | Queue | Villager (Male) |
| 3:18 | Queue | Villager (Male) |
| 3:18 | Queue | Villager (Male) |
| 3:34 | Build | House |
| 3:36 | Build | House |
| 3:56 | Build | House |
| 4:04 | Queue | Villager (Male) |
| 4:05 | Queue | Villager (Male) |
| 4:05 | Queue | Villager (Male) |
| 4:05 | Queue | Villager (Male) |
| 4:44 | Queue | Villager (Male) |
| 4:45 | Queue | Villager (Male) |
| 5:00 | Queue | Villager (Male) |
| 5:00 | Queue | Villager (Male) |
| 5:25 | Queue | Villager (Male) |
| 5:25 | Queue | Villager (Male) |
| 5:26 | Queue | Villager (Male) |
| 6:22 | Build | Mining Camp |
| 6:28 | Build | House |
| 6:29 | Build | House |
| 6:55 | Queue | Villager (Male) |
| 6:55 | Queue | Villager (Male) |
| 6:55 | Queue | Villager (Male) |
| 7:17 | Queue | Villager (Male) |
| 7:34 | Build | Mining Camp |
| 8:26 | Queue | Villager (Male) |
| 8:48 | Build | Mill |
| 9:03 | Queue | Villager (Male) |
| 9:25 | Queue | Villager (Male) |
| 9:46 | Research | Feudal Age |
| 10:13 | Build | House |
| 10:25 | Build | Barracks |
| 10:36 | Queue | Villager (Male) |
| 10:36 | Queue | Villager (Male) |
| 10:49 | Build | Farm |
| 12:11 | Research | Loom |
| 12:27 | Build | Stable |
| 12:41 | Build | Market |
| 13:03 | Queue | Spearman |
| 13:03 | Queue | Spearman |
| 13:19 | Queue | Villager (Male) |
| 13:32 | Build | Outpost |
| 13:50 | Build | Farm |
| 13:57 | Build | Farm |
| 14:05 | Build | Farm |
| 14:07 | Queue | Villager (Male) |
| 14:17 | Build | Outpost |
| 15:12 | Build | Farm |
| 15:19 | Build | Farm |
| 15:23 | Build | Farm |
| 15:26 | Build | Farm |
| 15:40 | Research | Castle Age |
| 16:08 | Build | Blacksmith |
| 16:09 | Build | House |
| 16:33 | Research | Double-Bit Axe |
| 17:22 | Research | Horse Collar |
| 17:47 | Queue | Villager (Male) |
| 17:47 | Queue | Villager (Male) |
| 18:28 | Build | Town Center |
| 18:36 | Build | Town Center |
| 18:56 | Queue | Scout Cavalry |
| 19:10 | Build | Monastery |
| 19:24 | Research | Bow Saw |
| 19:29 | Build | Farm |
| 19:50 | Queue | Villager (Male) |
| 19:54 | Build | Farm |
| 19:56 | Build | Farm |
| 19:58 | Queue | Monk |
| 19:58 | Queue | Monk |
| 19:59 | Queue | Monk |
| 20:17 | Queue | Villager (Male) |
| 20:27 | Build | Outpost |
| 20:33 | Queue | Villager (Male) |
| 20:33 | Queue | Villager (Male) |
| 20:37 | Build | Farm |
| 20:40 | Build | Farm |
| 20:42 | Build | Farm |
| 20:47 | Queue | Villager (Male) |
| 20:47 | Queue | Villager (Male) |
| 21:11 | Queue | Villager (Male) |
| 21:15 | Build | Farm |
| 21:24 | Build | Farm |
| 21:26 | Build | Farm |
| 21:29 | Build | Farm |
| 21:41 | Research | Fervor |
| 22:43 | Queue | Villager (Male) |
| 22:43 | Queue | Villager (Male) |
| 22:43 | Queue | Villager (Male) |
| 22:44 | Queue | Villager (Male) |
| 22:55 | Build | Farm |
| 22:56 | Build | Farm |
| 23:00 | Build | Farm |
| 23:01 | Build | Farm |
| 23:07 | Build | Archery Range |
| 23:08 | Build | Archery Range |
| 23:13 | Build | Lumber Camp |
| 23:18 | Research | Wheelbarrow |
| 23:23 | Queue | Villager (Male) |
| 23:23 | Queue | Villager (Male) |
| 23:23 | Queue | Villager (Male) |
| 23:37 | Research | Sanctity |
| 23:42 | Queue | Monk |
| 23:43 | Queue | Monk |
| 23:48 | Build | Farm |
| 23:53 | Research | Town Watch |
| 23:55 | Queue | Villager (Male) |
| 23:55 | Queue | Villager (Male) |
| 23:55 | Queue | Villager (Male) |
| 23:57 | Queue | Villager (Male) |
| 24:00 | Queue | Villager (Male) |
| 24:01 | Queue | Villager (Male) |
| 24:04 | Build | Farm |
| 24:18 | Research | Heavy Plow |
| 24:30 | Queue | Villager (Male) |
| 24:30 | Queue | Villager (Male) |
| 24:48 | Queue | Villager (Male) |
| 24:48 | Queue | Villager (Male) |
| 24:49 | Queue | Villager (Male) |
| 24:49 | Queue | Villager (Male) |
| 25:08 | Queue | Villager (Male) |
| 25:08 | Queue | Villager (Male) |
| 25:08 | Queue | Villager (Male) |
| 25:09 | Queue | Villager (Male) |
| 25:15 | Build | Farm |
| 25:18 | Build | Farm |
| 25:34 | Queue | Villager (Male) |
| 25:35 | Queue | Villager (Male) |
| 25:35 | Queue | Villager (Male) |
| 25:35 | Queue | Villager (Male) |
Build order — 导师不在玩两把
First 150 of 426 actions detected
| 0:02 | Queue | Villager (Male) |
| 0:02 | Queue | Villager (Male) |
| 0:04 | Build | House |
| 0:05 | Build | House |
| 0:32 | Queue | Villager (Male) |
| 0:32 | Queue | Villager (Male) |
| 0:32 | Queue | Villager (Male) |
| 1:36 | Queue | Villager (Male) |
| 1:36 | Queue | Villager (Male) |
| 2:16 | Queue | Villager (Male) |
| 2:41 | Queue | Villager (Male) |
| 2:41 | Queue | Villager (Male) |
| 3:01 | Queue | Villager (Male) |
| 3:01 | Queue | Villager (Male) |
| 3:27 | Queue | Villager (Male) |
| 3:28 | Queue | Villager (Male) |
| 3:53 | Queue | Villager (Male) |
| 3:54 | Queue | Villager (Male) |
| 3:54 | Queue | Villager (Male) |
| 3:57 | Build | Lumber Camp |
| 4:00 | Build | House |
| 4:02 | Build | House |
| 4:07 | Queue | Villager (Male) |
| 4:07 | Queue | Villager (Male) |
| 4:38 | Queue | Villager (Male) |
| 4:38 | Queue | Villager (Male) |
| 5:27 | Queue | Villager (Male) |
| 5:27 | Queue | Villager (Male) |
| 5:57 | Build | Mill |
| 6:00 | Queue | Villager (Male) |
| 6:00 | Queue | Villager (Male) |
| 6:44 | Queue | Villager (Male) |
| 7:39 | Queue | Villager (Male) |
| 7:44 | Build | Farm |
| 7:54 | Research | Feudal Age |
| 8:13 | Build | Mining Camp |
| 8:40 | Build | Farm |
| 8:58 | Build | House |
| 10:02 | Queue | Villager (Male) |
| 10:02 | Queue | Villager (Male) |
| 10:28 | Research | Double-Bit Axe |
| 10:28 | Research | Double-Bit Axe |
| 10:32 | Build | Market |
| 10:54 | Build | Blacksmith |
| 11:04 | Queue | Villager (Male) |
| 11:28 | Queue | Villager (Male) |
| 11:36 | Build | Farm |
| 11:42 | Build | House |
| 11:47 | Build | Farm |
| 12:10 | Research | Castle Age |
| 12:11 | Research | Castle Age |
| 12:18 | Build | House |
| 12:52 | Build | Barracks |
| 13:26 | Build | House |
| 13:27 | Build | House |
| 13:47 | Queue | Spearman |
| 13:47 | Queue | Spearman |
| 14:21 | Build | Lumber Camp |
| 14:54 | Queue | Villager (Male) |
| 14:55 | Queue | Villager (Male) |
| 14:59 | Build | Monastery |
| 15:04 | Build | Town Center |
| 15:27 | Queue | Spearman |
| 15:27 | Queue | Spearman |
| 15:33 | Queue | Villager (Male) |
| 15:34 | Queue | Villager (Male) |
| 15:48 | Build | Town Center |
| 15:53 | Queue | Villager (Male) |
| 15:56 | Build | House |
| 16:18 | Build | Archery Range |
| 16:21 | Queue | Monk |
| 16:32 | Queue | Villager (Male) |
| 16:36 | Queue | Villager (Male) |
| 16:36 | Queue | Villager (Male) |
| 16:37 | Queue | Villager (Male) |
| 17:20 | Build | House |
| 17:23 | Queue | Cavalry Archer |
| 17:23 | Queue | Cavalry Archer |
| 17:28 | Queue | Villager (Male) |
| 17:28 | Queue | Villager (Male) |
| 17:28 | Queue | Villager (Male) |
| 17:35 | Build | Farm |
| 17:35 | Build | Farm |
| 17:35 | Build | Farm |
| 17:35 | Build | Farm |
| 17:48 | Queue | Villager (Male) |
| 17:48 | Queue | Villager (Male) |
| 17:53 | Build | Farm |
| 17:53 | Build | Farm |
| 17:54 | Build | Farm |
| 17:55 | Build | Farm |
| 17:55 | Build | Farm |
| 17:56 | Build | Farm |
| 17:57 | Build | Farm |
| 18:04 | Build | Farm |
| 18:20 | Queue | Villager (Male) |
| 18:21 | Queue | Villager (Male) |
| 18:32 | Queue | Cavalry Archer |
| 18:32 | Queue | Cavalry Archer |
| 18:41 | Build | Farm |
| 18:41 | Build | Farm |
| 18:41 | Build | Farm |
| 18:42 | Build | Farm |
| 18:42 | Build | Farm |
| 18:44 | Queue | Villager (Male) |
| 18:44 | Queue | Villager (Male) |
| 19:12 | Queue | Villager (Male) |
| 19:12 | Queue | Villager (Male) |
| 19:12 | Queue | Villager (Male) |
| 19:15 | Build | Farm |
| 19:15 | Build | Farm |
| 19:15 | Build | Farm |
| 19:16 | Build | Farm |
| 19:16 | Build | Farm |
| 19:16 | Build | Farm |
| 19:34 | Queue | Villager (Male) |
| 19:34 | Queue | Villager (Male) |
| 19:50 | Queue | Villager (Male) |
| 19:51 | Queue | Villager (Male) |
| 19:51 | Queue | Villager (Male) |
| 20:00 | Queue | Villager (Male) |
| 20:00 | Queue | Villager (Male) |
| 20:18 | Queue | Villager (Male) |
| 20:18 | Queue | Villager (Male) |
| 20:18 | Queue | Villager (Male) |
| 20:33 | Build | Mill |
| 20:34 | Build | Farm |
| 20:34 | Build | Farm |
| 20:34 | Build | Farm |
| 20:34 | Build | Farm |
| 20:35 | Build | Farm |
| 20:35 | Build | Farm |
| 20:35 | Build | Farm |
| 20:41 | Queue | Villager (Male) |
| 20:42 | Queue | Villager (Male) |
| 21:01 | Queue | Villager (Male) |
| 21:02 | Queue | Villager (Male) |
| 21:02 | Queue | Villager (Male) |
| 21:02 | Queue | Villager (Male) |
| 21:02 | Queue | Villager (Male) |
| 21:11 | Build | Farm |
| 21:12 | Build | Farm |
| 21:14 | Research | Horse Collar |
| 21:14 | Research | Horse Collar |
| 21:22 | Queue | Villager (Male) |
| 21:22 | Queue | Villager (Male) |
| 21:40 | Queue | Monk |
| 21:47 | Queue | Villager (Male) |
| 21:48 | Queue | Villager (Male) |
| 21:48 | Queue | Villager (Male) |
Match timeline
| 10:25 | ManyKitten76428 · first_building Barracks |
| 12:27 | ManyKitten76428 · first_building Stable |
| 12:52 | 导师不在玩两把 · first_building Barracks |
| 14:59 | 导师不在玩两把 · first_building Monastery |
| 16:18 | 导师不在玩两把 · first_building Archery Range |
| 19:10 | ManyKitten76428 · first_building Monastery |
| 23:07 | ManyKitten76428 · first_building Archery Range |
| 26:46 | 导师不在玩两把 · first_building Stable |
| 29:17 | ManyKitten76428 · first_building Siege Workshop |
| 32:21 | 导师不在玩两把 · first_building Castle |
| 33:24 | ManyKitten76428 · first_building Castle |
| 36:03 | ManyKitten76428 · wall_segment Stone Wall x4 |
| 41:52 | ManyKitten76428 · resign |
[ AI ANALYSIS · 1 CREDIT ]
What really happened in this match?
Wolo.gg analyzes every decision: build order, eco, micro, common mistakes by bracket. Personalized analysis on WhatsApp or Discord in 30 seconds.
Civ guide
Bohemians
Perfil
Jugador #15948060